 Dungeon Crawl Stone Soup version 0.30-a0-782-ge64f9170bb (webtiles) character file.

Game seed: 11842029186314085629

1533 theswoord the Thaumaturge (level 8, -14/45 HPs)
             Began as a Deep Elf Air Elementalist on Feb 23, 2023.
             Demolished by Maggie
             ... wielding a +2 long sword of flaming
              (16 damage)
             ... on level 6 of the Dungeon.
             The game lasted 00:10:31 (6630 turns).

theswoord the Thaumaturge (DEAE)                    Turns: 6630, Time: 00:10:31

Health: -14/45     AC:  5    Str:  8    XL:     8   Next: 55%
Magic:  3/22       EV: 13    Int: 21    God:
Gold:   167        SH:  0    Dex: 18    Spells: 12/24 levels left

rFire   + . .      SeeInvis .    p - +0 flail (protect)
rCold   + . .      Faith    .    (no shield)
rNeg    . . .      Spirit   .    w - +2 robe {rC+ rF+}
rPois   .          Reflect  .    q - +0 helmet
rElec   .          Harm     .    s - scarf {repulsion}
rCorr   +          Rampage  .    (no gloves)
Will    .....                    (no boots)
Stlth   ++                       (no amulet)
HPRegen 0.27/turn                g - ring of resist corrosion
MPRegen 0.18/turn                j - ring of flight

@: sluggish, about to teleport, flying, mesmerised, repel missiles, very slow
A: agile 1, robust 1, strong 1
a: no special abilities


You were on level 6 of the Dungeon.
You visited 1 branch of the dungeon, and saw 6 of its levels.

You collected 259 gold pieces.
You spent 92 gold pieces at shops.

Inventory:

Hand Weapons
 i - a +2 whip of holy wrath
 p - a +0 flail of protection (weapon)
Armour
 a - a +1 robe
 q - a +0 helmet (worn)
 s - a scarf of repulsion (worn)
 w - a +2 robe of resistance (worn)
Magical Staves
 l - a staff of fire
Jewellery
 g - a ring of resist corrosion (left hand)
 j - a ring of flight (right hand)
 r - an amulet of reflection
 y - a ring of fire
Scrolls
 f - 4 scrolls of amnesia
 n - 2 scrolls of enchant weapon
 v - a scroll of enchant armour
 A - a scroll of identify
 B - a scroll of torment {unknown}
Potions
 b - a potion of magic
 c - 3 potions of flight
 d - 2 potions of attraction
 e - a potion of haste {unknown}
 k - 2 potions of lignification
 m - a potion of ambrosia {unknown}
 t - a potion of mutation
 u - a potion of invisibility {unknown}
 x - 2 potions of brilliance {unknown}
 z - a potion of degeneration {unknown}


   Skills:
 - Level 2.4 Dodging
 - Level 2.4 Stealth
 + Level 8.7 Spellcasting
 + Level 6.7 Conjurations
 + Level 6.9 Air Magic


You had 12 spell levels left.
You knew the following spells:

 Your Spells              Type           Power      Damage    Failure   Level
a - Shock                 Conj/Air       100%       1d9       1%          1
b - Static Discharge      Conj/Air       74%        2-6/arc   1%          2
c - Swiftness             Air            38%        N/A       1%          3
d - Conjure Ball Lightni  Conj/Air       18%        3x3d6     56%         6

Your spell library contained the following spells:

 Spells                   Type           Power      Damage    Failure   Level
 Poisonous Vapours        Pois/Air       46%        N/A       2%          2
 Mephitic Cloud           Conj/Pois/Air  28%        N/A       3%          3
 Cigotuvi's Dreadful Rot  Necr/Pois/Air  36%        N/A       4%          2
 Airstrike                Air            19%        2d(3-19)  4%          4
 Ensorcelled Hibernation  Hex/Ice        18%        N/A       11%         2
 Passwall                 Tmut/Erth      7%         N/A       11%         2
 Discord                  Hex            4%         N/A       100%        8
 Disjunction              Tloc           4%         N/A       100%        8


Dungeon Overview and Level Annotations

Branches:
Dungeon (6/15)
 Temple: D:4-7

Altars:
Ashenzari
Cheibriados
Okawaru
Zin

Shops:
D:5 [

Annotations:
D:6 Maggie


Innate Abilities, Weirdness & Mutations

You are agile. (Dex +4, Str/Int -1)
You are robust. (+10% HP)
Your muscles are strong. (Str +4, Int/Dex -1)


Message History

The zap hits Maggie.
The zap hits Maggie.
Maggie closely misses you.
The zap hits Maggie.
Maggie hits you with a +2 long sword of flaming!
* * * LOW HITPOINT WARNING * * *
Maggie burns you.
* * * LOW HITPOINT WARNING * * *
You hit Maggie but do no damage.
Your weapon exudes an aura of protection.
Maggie hits you with a +2 long sword of flaming!
* * * LOW HITPOINT WARNING * * *
Maggie burns you.
* * * LOW HITPOINT WARNING * * *
Maggie mumbles some strange words.
Maggie attempts to bespell you!
You are mesmerised by Maggie!
You feel better.
You start to feel a little slower.
Maggie points at you and mumbles some strange words.
The bolt of fire hits you! You resist.
* * * LOW HITPOINT WARNING * * *
You feel better. Maggie gestures at you while chanting.
The bolt of fire hits you! You resist.
* * * LOW HITPOINT WARNING * * *
You feel better.
Maggie hits you with a +2 long sword of flaming!
* * * LOW HITPOINT WARNING * * *
Maggie burns you.
* * * LOW HITPOINT WARNING * * *
It was a potion of mutation.
You feel extremely strange.
You feel agile.
You feel stronger.
You feel robust. Maggie completely misses you.
The zap hits Maggie.
Maggie barely misses you.
Okay, then.
As you read the scroll of teleportation, it crumbles to dust.
You feel strangely unstable.
You feel sluggish.
Maggie hits you with a +2 long sword of flaming!
You die...

.....). ... #...####.#
....... ..# +......#.#
..o.... #..# ..
#......#.# ....@..#...#
#.##........# .....Ko...#
#..#.....†#.#
#.....#######.####...###
####.............+...'.#
#)########....#...#.#
#.)@@.# #....####.#
#####.#####.#..####.#
#######...............#.#
#............###.####...#
#............###.# ##..#
#.....)..........# #...
#............##### #...
####.######### ###.
########.# #.


You could see Maggie (mesmerising).

Vanquished Creatures
  A black bear (D:5)
  2 ogres (D:5)
  A centaur (D:6)
  2 bullfrogs
  A kobold brigand (D:6)
  4 scorpions
  2 necrophages (D:6)
  6 hounds
  5 iguanas
  A jelly (D:4)
  Terence (D:2)
  3 gnolls (D:6)
  4 adders
  2 shadow imps
  3 worms
  3 dart slugs
  8 orcs
  4 bats
  8 endoplasms
  4 giant cockroaches
  6 goblins
  9 hobgoblins
  11 jackals
  19 kobolds
  2 quokkas
  8 ball pythons
  3 frilled lizards
  6 rats
129 creatures vanquished.

Vanquished Creatures (collateral kills)
  A necrophage (D:5)
1 creature vanquished.

Vanquished Creatures (others)
  An orc (D:6)
1 creature vanquished.

Grand Total: 131 creatures vanquished

Notes
Turn   | Place    | Note
-------+----------+-------------------------------------------
     0 | D:1      | theswoord the Deep Elf Air Elementalist began the quest for
                  | the Orb.
     0 | D:1      | Reached XP level 1. HP: 10/10 MP: 6/6
   276 | D:1      | Reached XP level 2. HP: 15/15 MP: 5/8
  1028 | D:2      | Learned a level 2 spell: Static Discharge
  1123 | D:2      | Reached XP level 3. HP: 19/19 MP: 8/10
  1556 | D:2      | Noticed Terence
  1564 | D:2      | Killed Terence
  1565 | D:2      | Reached skill level 4 in Spellcasting
  1565 | D:2      | Reached XP level 4. HP: 6/24 MP: 3/12
  2258 | D:3      | Found a broken altar of Ashenzari.
  2321 | D:3      | Found a snail-covered altar of Cheibriados.
  3152 | D:4      | Reached XP level 5. HP: 25/28 MP: 3/14
  3387 | D:4      | Reached skill level 5 in Spellcasting
  3856 | D:4      | Reached XP level 6. HP: 25/32 MP: 6/16
  4198 | D:4      | Found a glowing silver altar of Zin.
  4300 | D:5      | Entered Level 5 of the Dungeon
  4346 | D:5      | Reached skill level 6 in Spellcasting
  4346 | D:5      | Reached skill level 5 in Air Magic
  4672 | D:5      | Reached XP level 7. HP: 36/36 MP: 13/18
  4716 | D:5      | Found an iron altar of Okawaru.
  4757 | D:5      | Reached skill level 5 in Conjurations
  5027 | D:5      | Found Mecin's Antique Armour Emporium.
  5050 | D:5      | Bought a runed robe for 92 gold pieces
  5194 | D:5      | Found the +6 shillelagh "Devastator" {shatter}
  5238 | D:5      | Reached skill level 7 in Spellcasting
  5305 | D:5      | Learned a level 3 spell: Swiftness
  5705 | D:6      | Reached XP level 8. HP: 41/41 MP: 15/21
  5990 | D:6      | Reached skill level 8 in Spellcasting
  5997 | D:6      | Learned a level 6 spell: Conjure Ball Lightning
  6599 | D:6      | Noticed Maggie
  6627 | D:6      | HP: 2/41 [Maggie/+2 long sword of flaming (7)]
  6628 | D:6      | Gained mutation: You are agile. (Dex +4, Str/Int -1)
                  | [potion of mutation]
  6628 | D:6      | Gained mutation: Your muscles are strong. (Str +4, Int/Dex
                  | -1) [potion of mutation]
  6628 | D:6      | Gained mutation: You are robust. (+10% HP) [potion of
                  | mutation]
  6630 | D:6      | Demolished by Maggie

Skill      XL: |  1  2  3  4  5  6  7  8 |
---------------+-------------------------+-----
Conjurations   | 2 3 4 5 6 |  6.7
Spellcasting   | 4 5 6 7 8 |  8.7
Air Magic      | 4 5 6 |  6.9
Dodging        | |  2.4
Stealth        | |  2.4

Action                     |  1- 3 |  4- 6 |  7- 9 || total
---------------------------+-------+-------+-------++-------
  Melee: Unarmed           |     2 |       |       ||     2
         Flail             |       |       |     1 ||     1
   Cast: Shock             |    71 |   132 |   122 ||   325
         Static Discharge  |     3 |    15 |     4 ||    22
         Swiftness         |       |       |     4 ||     4
    Use: Scroll            |     6 |    11 |     3 ||    20
         Potion            |       |       |     5 ||     5
 Armour: Robe              |     1 |     5 |     7 ||    13
  Dodge: Dodged            |    10 |    19 |    28 ||    57

Levels and vault maps discovered:
D:1:      dpeg_arrival_fog, layout_loops_cross
D:2:      layout_basic, st_stairs_3, glass_columns_c, uniq_terence
D:3:      layout_loops_ring, mainiacjoe_overflow_large_starburst,
          grunt_ministairs_1
D:4:      layout_loops_ring, zin_treasury, grunt_decor_arrowhead, minivault_19,
          st_stairs_11, minmay_circle_x
D:5:      minmay_spotlight, layout_loops_ring, overflow_temple_1_default,
          serial_shops, nicolae_shop_waterfront, hangedman_abyss_or_decor_stabs,
          dilly_guarded_unrand_devastator
D:6:      layout_basic, skrybe_limestone_x, uniq_maggie
